 Dungeon Crawl Stone Soup version 0.20.1-1-g8b1a95d (webtiles) character file.

24 Kosschaser the Sneak (level 3, 0/24 HPs)
             Began as a Merfolk Enchanter on July 5, 2017.
             Slain by a hobgoblin (1 damage)
             ... on level 1 of the Dungeon.
             The game lasted 00:03:09 (1137 turns).

Kosschaser the Sneak (Merfolk Enchanter)            Turns: 1137, Time: 00:03:10

Health: 0/24       AC:  3    Str:  8    XL:     3   Next: 2%
Magic:  6/6        EV: 13    Int: 14    God:
Gold:   108        SH:  0    Dex: 15    Spells: 5/6 levels left

rFire    . . .     SeeInvis +   l - -1 dagger (curse)
rCold    . . .     Gourm    .   (no shield)
rNeg     . . .     Faith    .   b - +1 robe
rPois    .         Spirit   .   (no helmet)
rElec    .         Reflect  .   (no cloak)
rCorr    .         Harm     .   (no gloves)
MR       .....     Rnd*Tele +   (no boots)
Stlth    ++........             (no amulet)
Regen    0.1/turn               e - ring of teleportation (curse)
MPRegen  0.1/turn               p - ring of see invisible

@: no status effects
A: change form in water, swift swim, stealthy swim
a: no special abilities


You were on level 1 of the Dungeon.
You were hungry.

You visited 1 branch of the dungeon, and saw 2 of its levels.

You collected 108 gold pieces.

Inventory:

Hand Weapons
 a - a +1 dagger
 l - a cursed -1 dagger (weapon)
Armour
 b - a +1 robe (worn)
Jewellery
 e - a cursed ring of teleportation (left hand)
 p - a ring of see invisible (right hand)
Scrolls
 m - a scroll of enchant armour
 n - a scroll of teleportation {unknown}
Potions
 g - a potion of might {unknown}
 j - 2 potions of agility {unknown}
 o - a potion of haste {unknown}
 q - a potion of curing
Books
 c - a book of Maledictions

   Spells                             Type                      Level
   a - Corona                         Hexes                        1
   b - Ensorcelled Hibernation        Hexes/Ice                    2
   c - Confuse                        Hexes                        3
   d - Tukima's Dance                 Hexes                        3
   e - Dazzling Spray                 Conjuration/Hexes            3
Comestibles
 d - a bread ration
 f - a royal jelly
 k - a meat ration


   Skills:
 + Level 1.3 Short Blades
 + Level 3.3 Dodging
 + Level 3.6 Stealth
 + Level 2.1 Spellcasting
 + Level 3.4 Hexes


You had 5 spell levels left.
You knew the following spells:

 Your Spells              Type           Power        Failure   Level  Hunger
a - Corona                Hex            ##.....      6%          1    ##.....


Dungeon Overview and Level Annotations

Branches:
Dungeon (2/15)

Altars:


Message History

You hit the hobgoblin.
The hobgoblin is heavily wounded.
The hobgoblin closely misses you.
You barely miss the hobgoblin.
The hobgoblin is heavily wounded.
The hobgoblin closely misses you.
You barely miss the hobgoblin.
The hobgoblin is heavily wounded.
The hobgoblin drinks a potion.
The hobgoblin is healed!
You hit the hobgoblin but do no damage. The hobgoblin hits you.
* * * LOW HITPOINT WARNING * * *
You closely miss the hobgoblin. The hobgoblin hits you.
* * * LOW HITPOINT WARNING * * *
You barely miss the hobgoblin. The hobgoblin hits you.
* * * LOW HITPOINT WARNING * * *
You barely miss the hobgoblin. The hobgoblin hits you.
* * * LOW HITPOINT WARNING * * *
You hit the hobgoblin but do no damage. You closely miss the hobgoblin.
The hobgoblin hits you.
You die...

.##.## ######### #.... .##.#
#.### .##.# #.# # ###.# #.### #.#
#.... #.# ##### ###.####### #####
..........# ########## #....
.....####.# #(.g@....# ######.###
.....# #.# #.######.# #........#
+++'+####.###.#### #.# #.####.#.#
....+.(..........# #.# #†# #.#.#
....+..##.###.##.# #.###.####....
.<..+.....###.##.# #.........##.#
....+..#####.....###.###...#.##.#
++'+'### #.........# #...#.##..
.....# #.#######.# ##.##.####


You could see a hobgoblin.

Vanquished Creatures
  2 dart slugs
  2 leopard geckos
  A giant cockroach (D:1)
  3 goblins (D:1)
  A hobgoblin (D:1)
  4 bats (D:1)
  2 frilled lizards (D:1)
  2 kobolds
  2 rats (D:1)
19 creatures vanquished.

Notes
Turn   | Place    | Note
-------+----------+-------------------------------------------
     0 | D:1      | Kosschaser the Merfolk Enchanter began the quest for the Orb.
     0 | D:1      | Reached XP level 1. HP: 13/13 MP: 3/3
   464 | D:1      | Reached XP level 2. HP: 19/19 MP: 5/5
  1080 | D:2      | Reached XP level 3. HP: 18/24 MP: 6/6
  1135 | D:1      | HP: 1/24 [hobgoblin (2)]
  1137 | D:1      | Slain by a hobgoblin

Skill      XL: |  1 |
---------------+----+-----
Dodging        | 3 |  3.3
Short Blades   | |  1.3
Stealth        | |  3.6
Spellcasting   | |  2.1
Hexes          | |  3.4

Action                   || total
-------------------------++-------
Melee: Dagger            ||    79
  Use: Scroll            ||     3
 Stab: Sleeping          ||     9
Armor: Robe              ||     3
Dodge: Dodged            ||    42
